 Dungeon Crawl Stone Soup version 0.31-a0-977-gc230f8ef24 (webtiles) character file.

Game seed: 3257237561095279960

191 BinkBink the Shooter (level 5, 0/25 HPs)
             Began as a Spriggan Hunter on Oct 29, 2023.
             Was an Initiate of Dithmenos.
             Slain by Pargi (2 damage)
             ... in a sewer.
             The game lasted 00:03:00 (3146 turns).

BinkBink the Shooter (Spriggan Hunter)              Turns: 3146, Time: 00:03:01

Health: 0/25       AC:  2    Str:  7    XL:     5   Next: 41%
Magic:  6/6        EV: 18    Int: 11    God:    Dithmenos [......]
Gold:   181        SH:  0    Dex: 20    Spells: 4/4 levels left

rFire   . . .        a - +0 shortbow
rCold   . . .        (shield currently unavailable)
rNeg    . . .        c - +0 robe
rPois   .            (helmet restricted)
rElec   .            (no cloak)
rCorr   .            (gloves unavailable)
SInv    +            (boots unavailable)
Will    .....        (no amulet)
Stlth   +++          (no ring)
HPRegen 0.24/turn    (no ring)
MPRegen 0.10/turn

%: no passive effects
@: very quick
A: very small, no large weapons, unfitting armour, see invisible, speed 3
a: Renounce Religion


You were in a sewer.
You worshipped Dithmenos.
Dithmenos was noncommittal.
You visited 1 branch of the dungeon, and saw 4 of its levels.
You also visited: Sewer.

You collected 181 gold pieces.

Inventory:

Hand Weapons
 a - a +0 shortbow (weapon)
Armour
 c - a +0 robe (worn)
Jewellery
 g - a ring of flight
Wands
 i - a wand of polymorph (11)
Scrolls
 d - 3 scrolls of identify {unknown}
 f - 2 scrolls of teleportation {unknown}
 l - a scroll of fog {unknown}
Potions
 e - a potion of berserk rage {unknown}
 h - a potion of haste {unknown}
 j - 3 potions of curing {unknown}
 k - 2 potions of attraction {unknown}
 m - a potion of heal wounds {unknown}


   Skills:
 - Level 1.5 Fighting
 * Level 6.0 Ranged Weapons
 - Level 2.6 Dodging
 + Level 5.0 Stealth


You had 4 spell levels left.
You didn't know any spells.
Your spell library was empty.

Dungeon Overview and Level Annotations

Branches:
Dungeon (4/15)              Sewer (1/1)
 Temple: D:4-7

Altars:
Dithmenos

Annotations:
Sewer Pargi


Innate Abilities, Weirdness & Mutations

You are very small and have problems with some larger weapons.
You are too small for most types of armour.
You have supernaturally acute eyesight. (SInv)
You cover ground extremely quickly. (Speed+++)


Message History

You shoot an arrow. The arrow barely misses the rat.
You shoot an arrow. The arrow hits the rat.
The rat is severely wounded.
You shoot an arrow. The arrow hits the rat.
You kill the rat!
Dithmenos accepts your kill.
No target in view!
There is a glowing drain here.
The world spins around you as you enter the gateway.
You enter a sewer!
Found a gate leading back out of this place.
There is an empty arch of ancient stone here.
As you open the door, it creaks loudly!
Pargi the Meek comes into view.
Pargi shouts!
There is an empty arch of ancient stone here.
You shoot an arrow. The arrow hits Pargi.
Pargi is lightly wounded.
You shoot an arrow. The arrow hits Pargi.
Pargi is lightly wounded.
Pargi snarls, "Go!
Away!"
You shoot an arrow. The arrow hits Pargi.
Pargi is moderately wounded.
As you read the scroll of butterflies, it crumbles to dust.
You hear the flapping of tiny wings.
Pargi is knocked back by the sudden gust.
You swap places.
You enter the shallow water.
Moving in this stuff is going to be slow.
You swap places.
Pargi bites you. Pargi claws you. x2
Pargi completely misses you. Pargi misses you. Pargi completely misses you.
Pargi looks around nervously.
Pargi closely misses you. Pargi claws you. x2
You swap places.
Pargi bites you.
* * * LOW HITPOINT WARNING * * *
Pargi barely misses you. Pargi completely misses you.
You swap places.
Pargi attacks as he pursues you! Pargi bites you.
* * * LOW HITPOINT WARNING * * *
Pargi claws you.
You die... #~≈~# ####### +.~≈~.+ #.~≈~.# #b~bbb# +.~bb.+ #.bb~.# #bbb~T#

+.~b~@+
#.bb~.#
####bbbb.####
#..'..bb...∩#
####.~≈~.####
#.~≈~.#
+.~≈~.+
#.~≈~.#
#.~≈~.#


You could see Pargi (ally target).

Vanquished Creatures
  An iguana (D:4)
  An orc wizard (D:4)
  5 adders
  A worm (D:2)
  3 dart slugs
  7 orcs
  8 ball pythons
  7 endoplasms
  18 giant cockroaches
  3 goblins
  7 hobgoblins
  A quokka (D:3)
  4 bats
  2 frilled lizards (D:1)
  5 kobolds
  2 rats
75 creatures vanquished.

Notes
Turn   | Place    | Note
-------+----------+-------------------------------------------
     0 | D:1      | BinkBink the Spriggan Hunter began the quest for the Orb.
     0 | D:1      | Reached XP level 1. HP: 10/10 MP: 2/2
   223 | D:1      | Reached XP level 2. HP: 14/14 MP: 3/3
  1164 | D:2      | Reached XP level 3. HP: 16/18 MP: 4/4
  1569 | D:2      | Reached skill level 5 in Ranged Weapons
  1955 | D:3      | Reached XP level 4. HP: 22/22 MP: 5/5
  2880 | D:4      | Reached XP level 5. HP: 25/25 MP: 6/6
  2978 | D:4      | Reached skill level 5 in Stealth
  3017 | D:4      | Found a shadowy altar of Dithmenos.
  3025 | D:4      | Became a worshipper of Dithmenos the Shadowed
  3066 | D:4      | Reached skill level 6 in Ranged Weapons
  3106 | D:4      | Found a glowing drain.
  3121 | Sewer    | Entered a sewer
  3124 | Sewer    | Noticed Pargi
  3146 | Sewer    | Slain by Pargi

Illustrated notes

Levels and vault maps discovered:
D:1:      psy_arrival_radial02, layout_loops_corners, minmay_unequal
D:2:      layout_loops_ring, nicolae_elevator_lobby_asterisk
D:3:      minmay_roachtagon, layout_loops_corners, nicolae_the_louvre
D:4:      layout_gridville, nicolae_uskayaw_murder_on_the_dancefloor,
          grunt_dithmenos_smoke, cheibrodos_sewer_entry_drain
Sewer:    kennysheep_door_sewer

Skill      XL: |  1  2  3  4  5 |
---------------+----------------+-----
Stealth        | 2 3 4 5 |  5.0
Ranged Weapons | 5 6 |  6.0
Fighting       | |  1.5
Dodging        | |  2.6

Action                     |  1- 3 |  4- 6 || total
---------------------------+-------+-------++-------
   Fire: Shortbow          |    98 |    97 ||   195
    Use: Scroll            |       |     1 ||     1
 Armour: Robe              |     9 |    21 ||    30
  Dodge: Dodged            |    14 |    22 ||    36

Table legend: (Time is in decaauts)
 A = Elapsed time spent in this place.
 B = Non-inter-level travel time spent in this place.
 C = Inter-level travel time spent in this place.
 D = Time resting spent in this place.
 E = Time spent auto-exploring this place.
 F = Levels seen in this place.
 G = Mean time per level.
                   A        B        C        D        E       F      G
               +--------+--------+--------+--------+--------+-----+--------+
         Total |   2050 |   1986 |     64 |      0 |   1634 |   5 |  410.0 |
       Dungeon |   2030 |   1966 |     64 |      0 |   1633 |   4 |  507.5 |
         Sewer |     19 |     19 |      0 |      0 |      1 |   1 |   19.0 |
               +--------+--------+--------+--------+--------+-----+--------+

Top non-repeatable levels by time:
     D:1: 720 daAuts
     D:3: 583 daAuts
     D:2: 525 daAuts
     D:4: 200 daAuts
   Sewer: 19 daAuts
